[Event "Titled Tuesday Blitz August 17 2021"]
[White "Kavyev, Ruslan"]
[Black "Shtyka, Sergey"]
[WhiteFideId "34110981"]
[BlackFideId "4138465"]
[WhiteElo "2172"]
[BlackElo "2064"]
[Result "0-1"]
[Round "11"]
[TimeControl "180+1"]
[Date "2021.08.17"]
[WhiteClock "0:00:29"]
[BlackClock "0:00:12"]

1. e4 c5 2. Nf3 d6 3. d4 cxd4 4. Nxd4 Nf6 5. Nc3 g6 6. Be3 Bg7 7. f3 O-O 8. Qd2 Nc6 9. Bc4 Bd7 10. Bb3 Qa5 11. O-O-O Rfc8 12. Kb1 Ne5 13. h4 Nc4 14. Bxc4 Rxc4 15. g4 Rac8 16. Nde2 h5 17. Bd4 e5 18. Be3 Be6 19. Qxd6 Bf8 20. Qd3 Bb4 21. Nd5 Bxd5 22. exd5 Rxc2 23. Qxc2 Rxc2 24. Kxc2 Nxd5 25. Bg5 Qxa2 26. Nc1 Qc4+ 27. Kb1 hxg4 28. fxg4 a5 29. h5 a4 30. hxg6 fxg6 31. Nd3 a3 32. Nxb4 Qxb4 33. Rd2 Qe4+ 34. Ka2 Qxh1 35. b3 b5 36. Bd8 Nc3+ 37. Kxa3 Nb1+ 38. Kb4 Nxd2 0-1


[Site "https://www.chess.com"]

[Event "Titled Tuesday Blitz August 17 2021"]
[White "Khabinets, Ivan"]
[Black "Navalgund, Niranjan"]
[WhiteFideId "14115980"]
[BlackFideId "5030854"]
[WhiteElo "2114"]
[BlackElo "2290"]
[Result "0-1"]
[Round "11"]
[TimeControl "180+1"]
[Date "2021.08.17"]
[WhiteClock "0:00:05"]
[BlackClock "0:01:32"]

1. e4 e6 2. d4 e5 3. Nc3 exd4 4. Qxd4 Nc6 5. Qe3 Bb4 6. Bc4 Nf6 7. Bd2 O-O 8. O-O-O Re8 9. f3 Qe7 10. Nge2 Na5 11. Nd5 Nxd5 12. Bxd5 c6 13. Bb3 d5 14. Ng3 b5 15. Bxb4 Qxb4 16. Qg5 h6 17. Qh4 Nxb3+ 18. axb3 a5 19. Nh5 Re6 20. Qd8+ Kh7 21. exd5 Re2 22. Rd3 Bf5 23. Qxa8 Bxd3 24. cxd3 Qc5+ 25. Kb1 Qc2+ 26. Ka2 Qxb2# 0-1


[Site "https://www.chess.com"]

[Event "Titled Tuesday Blitz August 17 2021"]
[White "Kononenko, Dmitry"]
[Black "Dronavalli, Harika"]
[WhiteFideId "14113538"]
[BlackFideId "5015197"]
[WhiteElo "2276"]
[BlackElo "2422"]
[Result "0-1"]
[Round "11"]
[TimeControl "180+1"]
[Date "2021.08.17"]
[WhiteClock "0:00:07"]
[BlackClock "0:01:11"]

1. d4 Nf6 2. c4 g6 3. Nc3 d5 4. cxd5 Nxd5 5. e4 Nxc3 6. bxc3 Bg7 7. Rb1 O-O 8. Nf3 b6 9. Be2 Bb7 10. d5 e6 11. c4 Nd7 12. Bb2 Bxb2 13. Rxb2 Qf6 14. Qd4 e5 15. Qd2 Kg7 16. h4 h6 17. g4 Qd6 18. Rb3 Nc5 19. Re3 Bc8 20. Ng1 Bd7 21. Qc2 f5 22. gxf5 gxf5 23. exf5 Bxf5 24. Qc3 Ne4 25. Rxe4 Bxe4 26. Rh3 Rae8 27. Rg3+ Kh8 28. Nf3 Bxf3 29. Bxf3 Qf6 30. h5 e4 31. Qxf6+ Rxf6 32. Be2 Rg8 33. Re3 Rf4 34. f3 Re8 35. Kd2 Kg7 36. fxe4 Rexe4 37. Rg3+ Kf7 38. Bd3 Re5 39. Kc3 Rg5 40. Re3 Kf6 41. Re6+ Kf7 42. Bg6+ Kf8 43. Re8+ Kg7 44. Re7+ Kg8 45. Rxc7 a5 46. d6 Rg3+ 47. Kd2 Rf2+ 48. Ke1 Rxa2 49. Kf1 Rc3 50. Rc8+ Kg7 51. Rc7+ Kf6 52. Rf7+ Ke5 53. Kg1 Rc1+ 54. Rf1 Rxf1+ 55. Kxf1 Kxd6 56. Bf7 Kc5 57. Be6 Rb2 0-1


[Site "https://www.chess.com"]

[Event "Titled Tuesday Blitz August 17 2021"]
[White "Krysa, Leandro"]
[Black "Sadovsky, Artem"]
[WhiteFideId "116807"]
[BlackFideId "4155840"]
[WhiteElo "2490"]
[BlackElo "2442"]
[Result "0-1"]
[Round "11"]
[TimeControl "180+1"]
[Date "2021.08.17"]
[WhiteClock "0:00:20"]
[BlackClock "0:00:10"]

1. e4 d5 2. exd5 Nf6 3. Nf3 Nxd5 4. d4 Bg4 5. Be2 e6 6. O-O Bd6 7. h3 Bh5 8. c4 Nf4 9. Bxf4 Bxf4 10. Qb3 Nd7 11. Qxb7 Rb8 12. Qe4 Qf6 13. Qc2 Bg6 14. Qa4 Rxb2 15. Nc3 Qe7 16. c5 O-O 17. d5 Qxc5 18. Qxf4 Qxc3 19. dxe6 fxe6 20. Qc4 Qxc4 21. Bxc4 Nc5 22. Rfe1 Be4 23. Bxe6+ Kh8 24. Ng5 Rfxf2 25. Nxe4 Rxg2+ 26. Kf1 Nxe6 27. Rad1 h6 28. Rd7 Nf4 29. Rf7 Rh2 30. Ng3 Rbf2+ 0-1


[Site "https://www.chess.com"]

[Event "Titled Tuesday Blitz August 17 2021"]
[White "Kuzubov, Yuriy"]
[Black "Costachi, Mihnea"]
[WhiteFideId "14112906"]
[BlackFideId "1217518"]
[WhiteElo "2564"]
[BlackElo "2482"]
[Result "1-0"]
[Round "11"]
[TimeControl "180+1"]
[Date "2021.08.17"]
[WhiteClock "0:00:08"]
[BlackClock "0:00:30"]

1. g3 Nf6 2. Nf3 g6 3. Bg2 Bg7 4. d4 O-O 5. c4 d6 6. O-O Nc6 7. Re1 Bf5 8. Nbd2 Ne4 9. Nf1 e5 10. d5 Ne7 11. Nh4 Nc5 12. Nxf5 Nxf5 13. b4 Nd7 14. a3 Ne7 15. e4 f5 16. Nd2 f4 17. Bh3 g5 18. Nf3 Bf6 19. Be6+ Kh8 20. g4 Ng6 21. h3 Qe7 22. Bf5 Kg7 23. Kg2 Rh8 24. Bd2 h5 25. Rc1 hxg4 26. hxg4 Nh4+ 27. Nxh4 Rxh4 28. Qe2 Rah8 29. Rh1 Nf8 30. Rxh4 Rxh4 31. f3 Ng6 32. Be1 Rh8 33. c5 Nh4+ 34. Bxh4 Rxh4 35. cxd6 Qxd6 36. Qf2 Bd8 37. Rh1 Rxh1 38. Kxh1 Qa6 39. Qb2 Qf1+ 40. Kh2 Kf6 41. Qg2 Qa1 42. Qd2 Qxa3 43. Kg2 Be7 44. d6 Bxd6 45. Qd5 Qb2+ 46. Kh3 Qf2 47. Qe6+ Kg7 48. Qg6+ Kf8 49. Qh6+ Ke8 50. Qe6+ Kf8 51. Qc8+ Ke7 52. Qe6+ Kf8 53. Qf6+ Ke8 54. Bg6+ Kd7 55. Qf7+ Kc6 56. Qd5+ Kd7 57. Bf5+ Ke8 58. Qg8+ Ke7 59. Qg7+ Ke8 60. Bg6+ Kd8 61. Qg8+ Bf8 62. Qxf8+ Kd7 63. Be8+ Ke6 64. Qf7+ Kd6 65. Qd7# 1-0


[Site "https://www.chess.com"]

[Event "Titled Tuesday Blitz August 17 2021"]
[White "Lopez Gracia, Fernando"]
[Black "Real De Azua, Ernesto"]
[WhiteFideId "2207184"]
[BlackFideId "108154"]
[WhiteElo "2385"]
[BlackElo "2476"]
[Result "0-1"]
[Round "11"]
[TimeControl "180+1"]
[Date "2021.08.17"]
[WhiteClock "0:00:23"]
[BlackClock "0:00:30"]

1. c4 Nf6 2. Nc3 c5 3. e4 Nc6 4. g3 d6 5. Bg2 g6 6. d3 Bg7 7. h3 O-O 8. Nge2 Rb8 9. O-O a6 10. a4 Ne8 11. Be3 Nc7 12. a5 Ne6 13. Qa4 Ned4 14. Bxd4 Nxd4 15. Nxd4 Bxd4 16. Qc2 e6 17. Ne2 Bg7 18. f4 b5 19. cxb5 Rxb5 20. Ra2 Rxa5 21. Rfa1 Rxa2 22. Rxa2 Qb6 23. Kf1 Bd7 24. Nc3 Rb8 25. Bf3 h5 26. g4 hxg4 27. hxg4 a5 28. Bd1 Qb4 29. Na4 Qd4 30. Nc3 Qe3 31. Ne2 Bb5 32. Ra3 a4 33. d4 Bxe2+ 34. Bxe2 Qxd4 35. Rxa4 Qe3 36. e5 dxe5 37. Re4 Qh3+ 38. Ke1 exf4 39. Rxf4 Rxb2 40. Qxc5 Qg3+ 41. Qf2 Rb1+ 42. Kd2 Qc3# 0-1


[Site "https://www.chess.com"]

[Event "Titled Tuesday Blitz August 17 2021"]
[White "Loy, Konstantin"]
[Black "Nastore, Pavel-Alexandru"]
[WhiteFideId "14122499"]
[BlackFideId "1255002"]
[WhiteElo "2084"]
[BlackElo "1763"]
[Result "0-1"]
[Round "11"]
[TimeControl "180+1"]
[Date "2021.08.18"]
[WhiteClock "0:00:02"]
[BlackClock "0:00:03"]

1. e4 c5 2. Nf3 d6 3. d4 cxd4 4. Qxd4 Nc6 5. Bb5 a6 6. Bxc6+ bxc6 7. c4 e5 8. Qd3 Nf6 9. O-O Be7 10. Nc3 Qc7 11. h3 O-O 12. Be3 Be6 13. Rac1 Qb7 14. b3 h6 15. Rfd1 Rfd8 16. Qc2 Rac8 17. Na4 c5 18. Nc3 Bd7 19. Nd5 Nxd5 20. cxd5 Rf8 21. Nd2 f5 22. f3 f4 23. Bf2 g5 24. Nc4 h5 25. Kf1 Rf7 26. Ke2 g4 27. hxg4 hxg4 28. Rh1 g3 29. Be1 Rh7 30. Rxh7 Kxh7 31. Ba5 Kg7 32. Rh1 Bb5 33. Kd3 Bxc4+ 34. Qxc4 Qb5 35. Bd2 Qxc4+ 36. Kxc4 Kg6 37. a3 Kg7 38. Ba5 Bd8 39. Bd2 Bb6 40. Bc3 Ba7 41. Kd3 Kg6 42. Rb1 Rb8 43. b4 cxb4 44. Rxb4 Rc8 45. Rb7 Bc5 46. Bb4 Bxb4 47. axb4 Rh8 48. Rb6 Rh2 49. Rxd6+ Kf7 50. Rxa6 Rxg2 51. Ra7+ Ke8 52. Rg7 Rb2 53. Kc3 Rf2 54. Kc4 Rxf3 55. Kc5 Re3 56. d6 Rxe4 57. Kc6 Rc4+ 58. Kd5 Rxb4 59. Ke6 Kf8 60. Rf7+ Kg8 61. Rc7 Rd4 62. d7 g2 63. Rc1 Rxd7 64. Kxe5 f3 65. Kf4 f2 66. Rc2 f1=Q+ 67. Kg3 g1=Q+ 68. Rg2 Rg7+ 69. Kh4 Qgxg2 0-1


[Site "https://www.chess.com"]

[Event "Titled Tuesday Blitz August 17 2021"]
[White "Majer, Damir"]
[Black "Golubev, Mikhail"]
[WhiteFideId "4615689"]
[BlackFideId "14100983"]
[WhiteElo "2406"]
[BlackElo "2374"]
[Result "0-1"]
[Round "11"]
[TimeControl "180+1"]
[Date "2021.08.17"]
[WhiteClock "0:00:26"]
[BlackClock "0:00:09"]

1. d4 Nf6 2. Nf3 d6 3. e3 g6 4. Be2 Bg7 5. O-O O-O 6. c4 Bf5 7. Nc3 Ne4 8. Nxe4 Bxe4 9. b4 Nd7 10. Bb2 Nf6 11. Qb3 c6 12. a4 Qd7 13. b5 Rac8 14. Rac1 c5 15. Rfd1 b6 16. d5 Bxf3 17. Bxf3 Ne8 18. a5 Bxb2 19. Qxb2 Ng7 20. Ra1 h5 21. axb6 axb6 22. Ra6 Rb8 23. Rda1 Rb7 24. Ra8 Rxa8 25. Rxa8+ Kh7 26. Qa1 Qc7 27. h3 Rb8 28. Ra7 Rb7 29. Ra8 Rb8 30. Ra7 Qd8 31. Be4 Ne8 32. g3 Nf6 33. Bd3 Kg8 34. Kg2 Ne8 35. Be4 Nc7 36. Bd3 Ra8 37. Rxa8 Qxa8 38. Qxa8+ Nxa8 39. f4 Nc7 40. Kf3 Ne8 41. e4 Nf6 42. g4 Nd7 43. Bf1 hxg4+ 44. hxg4 g5 45. e5 gxf4 46. exd6 exd6 47. Kxf4 Kg7 48. g5 Ne5 49. Be2 f6 50. gxf6+ Kxf6 51. Bf1 Ng6+ 52. Ke4 Kg5 53. Be2 Ne7 54. Bf1 Ng8 55. Bh3 Nf6+ 56. Ke3 Nh5 57. Bf1 Nf4 58. Ke4 Ng6 59. Bh3 Ne5 60. Bf1 Ng4 61. Be2 Nf6+ 62. Ke3 Kf5 63. Bd3+ Ke5 64. Be2 Ne4 65. Bf3 Ng5 66. Be2 Nf7 67. Bh5 Nh6 68. Bg6 Ng4+ 69. Kf3 Nf6 70. Ke3 Ng8 71. Bh7 Ne7 72. Be4 Ng8 73. Bh7 Nf6 74. Bg6 Ng4+ 75. Kf3 Kf6 76. Bc2 Ne5+ 77. Ke4 Nxc4 78. Bb3 Ne5 79. Bc2 Kg5 80. Bd1 Nf7 81. Bc2 Nh6 82. Bd1 Ng4 83. Bc2 Nf6+ 84. Ke3 Nxd5+ 85. Ke4 Nf6+ 86. Ke3 d5 87. Kd3 d4 88. Kc4 Kf4 89. Bd3 Ke5 90. Bg6 Nd5 91. Bf7 Ne3+ 92. Kd3 c4+ 93. Bxc4 Nxc4 94. Kxc4 Ke4 95. Kb4 d3 96. Kc4 d2 97. Kb4 d1=Q 0-1


[Site "https://www.chess.com"]

[Event "Titled Tuesday Blitz August 17 2021"]
[White "Makhnev, Denis"]
[Black "Denishev, Marat"]
[WhiteFideId "13707647"]
[BlackFideId "24131563"]
[WhiteElo "2537"]
[BlackElo "2132"]
[Result "1-0"]
[Round "11"]
[TimeControl "180+1"]
[Date "2021.08.17"]
[WhiteClock "0:00:18"]
[BlackClock "0:00:01"]

1. d4 Nf6 2. c4 c5 3. d5 b5 4. cxb5 a6 5. e3 Bb7 6. Nc3 axb5 7. Bxb5 e6 8. dxe6 fxe6 9. Nf3 Be7 10. O-O O-O 11. a4 d5 12. b3 Nc6 13. Bb2 Bd6 14. Ne2 Qc7 15. Ng3 Nb4 16. Qe2 Qb6 17. e4 Bxg3 18. hxg3 Nxe4 19. Nd2 Nxd2 20. Qxd2 d4 21. Rae1 Rad8 22. Ba3 Nd5 23. Re5 Qd6 24. Rfe1 Ne3 25. R5xe3 dxe3 26. Qxe3 Qd2 27. Qxe6+ Kh8 28. Bxc5 Rg8 29. Qe3 Qd5 30. f3 Qh5 31. g4 Qg6 32. a5 Qc2 33. b4 Rd2 34. Re2 Qd1+ 35. Kf2 Rxe2+ 36. Bxe2 Qh1 37. Qe7 Ba8 38. a6 h6 39. a7 Qc1 40. Bd4 Qc6 41. b5 Qg6 42. b6 Re8 43. Bd3 Rxe7 44. Bxg6 Rb7 45. Be4 1-0


[Site "https://www.chess.com"]

[Event "Titled Tuesday Blitz August 17 2021"]
[White "Martins, Igor Carvalho Ribeiro"]
[Black "Shapiro, Daniel"]
[WhiteFideId "2162962"]
[BlackFideId "2001780"]
[WhiteElo "2444"]
[BlackElo "2304"]
[Result "1-0"]
[Round "11"]
[TimeControl "180+1"]
[Date "2021.08.18"]
[WhiteClock "0:00:45"]
[BlackClock "0:00:06"]

1. Nf3 Nf6 2. c4 e6 3. Nc3 b6 4. g3 d5 5. cxd5 exd5 6. d4 Be7 7. Bg2 O-O 8. O-O Bb7 9. Ne5 Nbd7 10. Bg5 h6 11. Bxf6 Nxf6 12. e3 a6 13. Nd3 Qd6 14. b4 Ne4 15. Rc1 f5 16. Qc2 c6 17. Na4 Qd8 18. Qb2 Bf6 19. Rc2 a5 20. bxa5 Rxa5 21. Qxb6 Qxb6 22. Nxb6 Ba6 23. Rd1 Bd8 24. Nd7 Rf7 25. N3c5 Bc4 26. Ne5 Rfa7 27. Nxc4 dxc4 28. Nxe4 fxe4 29. Bxe4 Rxa2 30. Rxc4 Rb2 31. Rxc6 Raa2 32. Bd5+ Kh7 33. Bxa2 Rxa2 34. d5 Bf6 35. d6 1-0


[Site "https://www.chess.com"]

[Event "Titled Tuesday Blitz August 17 2021"]
[White "Matveeva, Olga"]
[Black "Pasquier, Thomas"]
[WhiteFideId "24107018"]
[BlackFideId "614815"]
[WhiteElo "2108"]
[BlackElo "2122"]
[Result "1-0"]
[Round "11"]
[TimeControl "180+1"]
[Date "2021.08.18"]
[WhiteClock "0:00:19"]
[BlackClock "0:00:02"]

1. d4 Nf6 2. c4 e6 3. g3 c5 4. d5 exd5 5. cxd5 Bd6 6. Nc3 Bc7 7. Bg2 d6 8. Nf3 O-O 9. O-O Re8 10. Nd2 a6 11. a4 Nbd7 12. h3 Rb8 13. e4 b5 14. axb5 axb5 15. Re1 Ne5 16. b3 Nd3 17. Re3 Nxc1 18. Qxc1 Bd7 19. Kh2 Bb6 20. Re2 Qc7 21. f4 c4 22. bxc4 bxc4 23. Nf3 Ba5 24. Nd4 Qb6 25. Nc6 Bxc6 26. dxc6 Bxc3 27. Qxc3 Qb3 28. Rc1 Qxc3 29. Rxc3 Rb4 30. e5 dxe5 31. fxe5 Nh5 32. Bd5 Kf8 33. Rf2 Re7 34. g4 Rxe5 35. Rxf7+ Ke8 36. c7 Rxd5 37. c8=Q+ Kxf7 38. Rxc4 Rd2+ 39. Kg1 Rb1+ 40. Rc1 Rbb2 41. Qf5+ 1-0


[Site "https://www.chess.com"]

[Event "Titled Tuesday Blitz August 17 2021"]
[White "Maze, Sebastien"]
[Black "Primbetov, Kazbek"]
[WhiteFideId "613762"]
[BlackFideId "13702297"]
[WhiteElo "2462"]
[BlackElo "2184"]
[Result "1-0"]
[Round "11"]
[TimeControl "180+1"]
[Date "2021.08.17"]
[WhiteClock "0:00:19"]
[BlackClock "0:00:01"]

1. e4 e6 2. Nf3 d5 3. e5 c5 4. b4 cxb4 5. d4 Ne7 6. a3 Nec6 7. axb4 Bxb4+ 8. c3 Be7 9. Bd3 Na5 10. h4 h6 11. h5 b6 12. Rh3 Ba6 13. Bxa6 Nxa6 14. Rg3 Bf8 15. Na3 Nc7 16. Nc2 Qd7 17. Ba3 Nc4 18. Bxf8 Kxf8 19. Kf1 a5 20. Kg1 Nb5 21. Nh2 Rg8 22. f4 Ke7 23. Qd3 Kd8 24. Qh7 Kc7 25. Rxg7 Rxg7 26. Qxg7 Nxc3 27. Ng4 b5 28. Nf6 Qe7 29. f5 b4 30. Nxb4 Ne2+ 31. Kh2 Nxd4 32. fxe6 Qxe6 33. Nbxd5+ Kc6 34. Qxh6 Qxe5+ 35. Kh1 Kc5 36. Nd7+ Kxd5 37. Nxe5 Nxe5 38. Qb6 Nec6 39. h6 Rh8 40. Rxa5+ Nxa5 41. Qxa5+ Ke4 42. Qg5 Nf5 43. g4 Rxh6+ 44. Kg1 Rf6 45. gxf5 Rxf5 46. Qe7+ Kf4 47. Kf2 f6 48. Qg7 Ke5+ 49. Ke3 Ke6 50. Ke4 Re5+ 51. Kd4 Rg5 52. Qf8 Re5 53. Qg8+ Ke7 54. Qg7+ Ke6 55. Qf8 Rg5 56. Ke4 Re5+ 57. Kf4 Rg5 58. Qe8+ Kd6 59. Kf3 Rf5+ 60. Kg4 Rg5+ 61. Kf4 1-0


[Site "https://www.chess.com"]

[Event "Titled Tuesday Blitz August 17 2021"]
[White "Mekhitarian, Krikor Sevag"]
[Black "Nazaretyan, Tigran"]
[WhiteFideId "2107660"]
[BlackFideId "24162345"]
[WhiteElo "2598"]
[BlackElo "2167"]
[Result "0-1"]
[Round "11"]
[TimeControl "180+1"]
[Date "2021.08.17"]
[WhiteClock "0:00:16"]
[BlackClock "0:01:52"]

1. e4 c5 2. Nf3 Nc6 3. d4 cxd4 4. Nxd4 Nf6 5. Nc3 d6 6. h3 e5 7. Nf3 h6 8. Bc4 Be6 9. Qe2 Be7 10. O-O O-O 11. a3 Rc8 12. Ba2 Nd4 13. Nxd4 exd4 14. Nd5 Nxd5 15. exd5 Bf5 16. Bb3 Bf6 17. Bf4 Qb6 18. Qf3 Bg6 19. Bxh6 d3 20. Bc1 dxc2 21. Ba4 Bxb2 22. Bxb2 Qxb2 23. Rac1 b5 0-1


[Site "https://www.chess.com"]

[Event "Titled Tuesday Blitz August 17 2021"]
[White "Mikhnenko, Alexander"]
[Black "Tikhonov, Viacheslav"]
[WhiteFideId "34143014"]
[BlackFideId "44196407"]
[WhiteElo "2135"]
[BlackElo "1773"]
[Result "1-0"]
[Round "11"]
[TimeControl "180+1"]
[Date "2021.08.17"]
[WhiteClock "0:00:54"]
[BlackClock "0:00:07"]

1. d4 Nf6 2. Nf3 g6 3. Nc3 d5 4. Bf4 Bg7 5. Nb5 Na6 6. e3 c6 7. Na3 Nc7 8. h3 O-O 9. c4 Nce8 10. Be2 dxc4 11. Nxc4 Nd6 12. O-O Nd5 13. Bh2 Ne4 14. Rc1 Be6 15. Qc2 Nd6 16. a3 Bf5 17. Qb3 Nxc4 18. Bxc4 Nb6 19. Be2 Be4 20. Ne5 Qd5 21. Qb4 Bxg2 22. Rc5 Bxf1 23. Rxd5 Nxd5 24. Qe1 Bxh3 25. Bf3 Be6 26. Nd3 b6 27. Ne5 Rac8 28. b4 b5 29. Nd3 Nb6 30. Nc5 Bd5 31. e4 Bc4 32. Qe3 Rfd8 33. Be5 Bxe5 34. dxe5 e6 35. Nb7 Rd3 36. Qf4 Nd7 37. Nd6 Rf8 38. Be2 Rxa3 39. Bxc4 bxc4 40. Nxc4 Ra1+ 41. Kg2 Nb6 42. Ne3 h5 43. Qh6 Rd8 44. Nf5 exf5 45. exf5 gxf5 46. Qg5+ Kf8 47. Qxd8+ Kg7 48. Qf6+ Kg8 49. e6 Re1 50. Qxf7+ Kh8 51. e7 Nd5 52. e8=Q+ Rxe8 53. Qxe8+ Kg7 54. Qxc6 Nxb4 55. Qb7+ Kg6 56. Qxb4 Kg5 57. Qe7+ Kf4 58. Qxa7 h4 59. Qe3+ Kg4 60. Qh3+ Kg5 61. Kf3 f4 62. Qg4+ Kf6 63. Qxh4+ Ke5 64. Qxf4+ Ke6 65. Qe4+ Kf6 66. Ke3 Kg5 67. f4+ Kf6 68. f5 Kf7 69. Qe6+ Kg7 70. Ke4 Kf8 71. Qd6+ Ke8 72. Ke5 Kf7 73. Qd7+ Kg8 74. f6 Kh8 75. f7 Kg7 76. Ke6 Kf8 77. Qd8+ Kg7 78. f8=N Kh6 79. Qf6+ Kh5 80. Qg7 Kh4 81. Nd7 Kh3 82. Nc5 Kh2 83. Ne4 Kh1 84. Qg5 Kh2 85. Qg3+ Kh1 86. Nf2# 1-0


[Site "https://www.chess.com"]

[Event "Titled Tuesday Blitz August 17 2021"]
[White "Mirzanurov, Bulat"]
[Black "Bures, Vit"]
[WhiteFideId "4184521"]
[BlackFideId "309052"]
[WhiteElo "2208"]
[BlackElo "2123"]
[Result "1-0"]
[Round "11"]
[TimeControl "180+1"]
[Date "2021.08.17"]
[WhiteClock "0:00:21"]
[BlackClock "0:00:02"]

1. e4 e5 2. Nf3 Nc6 3. Bc4 Bc5 4. c3 Nf6 5. d3 O-O 6. O-O d6 7. h3 a5 8. Bb3 Be6 9. Bc2 Ba7 10. Nbd2 h6 11. Re1 Ne7 12. Nf1 Ng6 13. Ng3 Re8 14. Be3 Bxe3 15. Rxe3 d5 16. Re1 dxe4 17. dxe4 Qe7 18. Qe2 Qc5 19. Qe3 Qxe3 20. Rxe3 Red8 21. Ree1 Rd7 22. a4 Rad8 23. Rad1 Kf8 24. Rxd7 Rxd7 25. Rd1 Rxd1+ 26. Bxd1 Ke7 27. Kf1 Kd6 28. Bc2 Nf4 29. Ne2 Bc4 30. Ng1 Kc5 31. g3 Bxe2+ 32. Nxe2 Nxh3 33. Kg2 Ng5 34. f3 Ne6 35. Nc1 Kd6 36. Nd3 Nd7 37. f4 f6 38. Kf3 Nec5 39. Nc1 Nb6 40. b3 Nbd7 41. f5 c6 42. Kg4 b5 43. Kh5 bxa4 44. bxa4 Ke7 45. Kg6 Kf8 46. g4 Nb6 47. Ne2 Nbxa4 48. Ng3 Nxc3 49. Nh5 N3xe4 50. Nxg7 a4 51. Ne6+ Nxe6 52. fxe6 a3 53. Bxe4 a2 54. Kxf6 1-0


[Site "https://www.chess.com"]

[Event "Titled Tuesday Blitz August 17 2021"]
[White "Moroni, Luca Jr"]
[Black "Shimelkov, Vasiliy"]
[WhiteFideId "865834"]
[BlackFideId "13701630"]
[WhiteElo "2491"]
[BlackElo "2073"]
[Result "1-0"]
[Round "11"]
[TimeControl "180+1"]
[Date "2021.08.17"]
[WhiteClock "0:00:20"]
[BlackClock "0:00:21"]

1. d4 d5 2. c4 e6 3. Nc3 Nf6 4. cxd5 exd5 5. Bg5 Be7 6. e3 O-O 7. Bd3 h6 8. Bf4 b6 9. h3 c5 10. Nf3 Bb7 11. O-O Na6 12. Rc1 Nb4 13. Bb1 Ne4 14. dxc5 Bxc5 15. a3 Nc6 16. Nxd5 Ne7 17. Nxe7+ Qxe7 18. b4 Rfd8 19. Qc2 Bd6 20. Bxd6 Rxd6 21. Rfd1 Rad8 22. Rxd6 Qxd6 23. Nd4 Rd7 24. Qc4 Nd2 25. Qd3 Nxb1 26. Qxb1 a6 27. Qf5 b5 28. Rc5 g6 29. Qe5 Qxe5 30. Rxe5 Kg7 31. Rc5 Kf6 32. f3 Bd5 33. Kf2 g5 34. g4 Rd6 35. Rc7 Bc4 36. Kg3 Kg6 37. h4 gxh4+ 38. Kxh4 Be6 39. f4 Kf6 40. Rc6 Rxc6 41. Nxc6 Bd5 42. Nd4 Kg6 43. g5 hxg5+ 44. fxg5 f6 45. gxf6 Kxf6 46. Kg3 Ke5 47. Kf2 Ke4 48. Ke2 Bc4+ 49. Kd2 Bd5 50. Ne2 Bc4 51. Nf4 Kf3 52. Nd3 Ke4 53. Nc5+ Kd5 54. Nxa6 Bf1 55. Nc5 Kc4 56. Ne6 Bh3 57. Nd4 Bd7 58. Ne2 Bf5 59. Nf4 Be4 60. Ne6 Bf3 61. Nc5 Bd5 62. e4 Bf7 63. Ke3 Bh5 64. e5 Kc3 65. e6 Kb2 66. Kd4 Kxa3 67. Kc3 Be8 68. e7 Bc6 69. Ne6 1-0


[Site "https://www.chess.com"]

[Event "Titled Tuesday Blitz August 17 2021"]
[White "Munkhzul, Davaakhuu"]
[Black "McBryde, Lamel"]
[WhiteFideId "4902815"]
[BlackFideId "2058596"]
[WhiteElo "1957"]
[BlackElo "2136"]
[Result "1-0"]
[Round "11"]
[TimeControl "180+1"]
[Date "2021.08.18"]
[WhiteClock "0:00:03"]
[BlackClock "0:00:01"]

1. e4 Nf6 2. e5 Nd5 3. c4 Nb6 4. d4 d6 5. f4 dxe5 6. fxe5 Nc6 7. Nf3 Bg4 8. Be3 e6 9. Be2 Bxf3 10. Bxf3 Nxc4 11. Bxc6+ bxc6 12. Qf3 Qd5 13. Qxd5 cxd5 14. Bc1 Rb8 15. b3 Bb4+ 16. Ke2 Nb6 17. Bd2 Be7 18. Nc3 Nd7 19. Rac1 c5 20. Be3 cxd4 21. Bxd4 O-O 22. Bxa7 Rb4 23. Na4 Nxe5 24. Bc5 Re4+ 25. Kd1 Bg5 26. Bxf8 Bxc1 27. Bxg7 Kxg7 28. Kxc1 Re2 29. Nc3 Rxg2 30. a4 d4 31. Nb5 d3 32. Nd4 d2+ 33. Kc2 Nd7 34. Nf3 Nc5 35. Nxd2 e5 36. a5 e4 37. Re1 f5 38. b4 Na6 39. b5 Nb4+ 40. Kc3 Nd3 41. Re3 Kf6 42. a6 Rg8 43. a7 Rc8+ 44. Nc4 Ne5 45. b6 Rxc4+ 46. Kb3 Rc6 47. b7 Rb6+ 48. Kc2 Rxb7 49. a8=Q Rc7+ 50. Kd2 Nc4+ 51. Ke2 Nxe3 52. Qf8+ Rf7 53. Qh6+ Ke5 54. Qxe3 f4 55. Qc5+ Kf6 56. Qc6+ Kf5 57. Qd5+ Kg4 58. Qxf7 1-0


[Site "https://www.chess.com"]

[Event "Titled Tuesday Blitz August 17 2021"]
[White "Nemeth Junior, Henrique"]
[Black "Goncalves, Davi Sulzbacher"]
[WhiteFideId "2118815"]
[BlackFideId "2154510"]
[WhiteElo "1976"]
[BlackElo "2107"]
[Result "0-1"]
[Round "11"]
[TimeControl "180+1"]
[Date "2021.08.17"]
[WhiteClock "0:02:19"]
[BlackClock "0:00:57"]

1. e4 c5 2. Nf3 Nc6 3. d4 cxd4 4. Nxd4 Nf6 5. Nc3 e5 6. Nde2 Bb4 7. h3 O-O 8. Bg5 h6 9. Bh4 g5 10. Bg3 Nxe4 11. Qd3 d5 12. O-O-O Bxc3 13. Nxc3 Nxc3 14. Qxc3 d4 15. Qd2 Bf5 16. Kb1 Rc8 17. a3 Qd5 18. h4 f6 19. hxg5 hxg5 20. b3 Qxb3+ 21. Ka1 Qxa3+ 22. Kb1 Nb4 0-1


[Site "https://www.chess.com"]

[Event "Titled Tuesday Blitz August 17 2021"]
[White "Nguyen Hong Nhung"]
[Black "Valle Maytin, Luis Enrique"]
[WhiteFideId "12412201"]
[BlackFideId "3503666"]
[WhiteElo "1661"]
[BlackElo "2205"]
[Result "1-0"]
[Round "11"]
[TimeControl "180+1"]
[Date "2021.08.18"]
[WhiteClock "0:00:53"]
[BlackClock "0:00:05"]

1. e4 c5 2. Nc3 Nc6 3. f4 g6 4. Nf3 Bg7 5. Bc4 e6 6. O-O Nge7 7. d3 O-O 8. Qe1 d5 9. Bb3 Nd4 10. Nxd4 cxd4 11. Ne2 dxe4 12. dxe4 b6 13. Ng3 Ba6 14. Rf3 Bb7 15. Bd2 Kh8 16. Rf2 d3 17. Bc3 dxc2 18. Bxg7+ Kxg7 19. Rxc2 Rc8 20. Rd1 Qe8 21. Rcd2 Rc7 22. Qe3 Qb5 23. Kh1 Qc5 24. Qd3 Rfc8 25. Rc2 Qb4 26. Rxc7 Rxc7 27. f5 exf5 28. exf5 Ng8 29. fxg6 hxg6 30. Rf1 Qg4 31. Qd6 Rd7 32. Qe5+ f6 33. Qe8 Re7 34. Qxg8+ Kh6 35. Qh8+ Kg5 36. Qxf6+ Kh6 1-0


[Site "https://www.chess.com"]

[Event "Titled Tuesday Blitz August 17 2021"]
[White "Nogerbek, Kazybek"]
[Black "Goryachkina, Aleksandra"]
[WhiteFideId "13710427"]
[BlackFideId "4147103"]
[WhiteElo "2436"]
[BlackElo "2441"]
[Result "0-1"]
[Round "11"]
[TimeControl "180+1"]
[Date "2021.08.17"]
[WhiteClock "0:00:04"]
[BlackClock "0:00:04"]

1. d4 Nf6 2. c4 e6 3. Nc3 d5 4. cxd5 exd5 5. Bg5 c6 6. e3 h6 7. Bh4 Be7 8. Bd3 Ne4 9. Bxe7 Qxe7 10. Nge2 O-O 11. Qc2 Nd6 12. O-O Nd7 13. Ng3 Nf6 14. Rae1 Bd7 15. f3 Nc4 16. e4 Qb4 17. e5 Ne8 18. Bxc4 Qxc4 19. Qd2 Nc7 20. f4 c5 21. dxc5 Qxc5+ 22. Kh1 Bc6 23. Nce2 Rad8 24. Nd4 Ne6 25. Nge2 Bb5 26. Rc1 Qb6 27. Nxb5 Qxb5 28. f5 Ng5 29. Nd4 Qb6 30. f6 Rfe8 31. Qf4 gxf6 32. Nf5 fxe5 33. Qg4 Qg6 34. Rc7 Kh8 35. Qh4 Re6 36. h3 Rde8 37. Qf2 Rf6 38. Nh4 Rxf2 39. Nxg6+ fxg6 40. Rxf2 e4 41. Rfc2 e3 42. Rc8 Rxc8 43. Rxc8+ Kg7 44. Re8 d4 45. Kg1 Kf6 46. Kf1 Kf5 47. Ke2 Ne6 48. Kd3 Ke5 49. Re7 g5 50. g3 h5 51. b4 h4 52. gxh4 gxh4 53. a4 Kd5 54. Rd7+ Ke5 55. Re7 Kd5 56. Ke2 Nf4+ 57. Kf3 Ne6 58. Rxb7 Ng5+ 59. Ke2 Nxh3 60. Rxa7 Nf4+ 61. Kf3 e2 62. Re7 d3 63. Kf2 d2 64. Rd7+ Ke4 65. Rxd2 h3 66. Ra2 h2 67. Ra1 Kd3 68. Rh1 Kd2 69. Kf3 e1=Q 70. Rxh2+ Kd3 71. Kxf4 Qe3+ 72. Kg4 Qe4+ 73. Kg3 Qxb4 74. Rh4 Qd6+ 75. Kh3 Qe6+ 76. Kg3 Ke3 77. Rg4 Qe5+ 78. Kh4 Qf6+ 79. Kg3 Qf2+ 80. Kh3 Kf3 81. a5 Qf1+ 82. Kh4 Qe1+ 83. Kh5 Qh1+ 84. Kg5 Qc1+ 85. Kh5 Qd1 86. Rg5 Kf4+ 87. Kh6 Qh1+ 88. Rh5 Qc6+ 89. Kg7 Kg4 90. Re5 Qc7+ 91. Kf6 Kf4 92. Rd5 Qc6+ 93. Ke7 Qxd5 94. a6 Qc6 95. a7 Qb7+ 0-1


[Site "https://www.chess.com"]